AoeStats
← Marianob04

Arabia

510866009Analyzed
3v3 RM · 14h ago on Oct 2, 2026· 36m 45s· 6 players
Game mode
Random Map
Map size
Normal (6 player)
Population
200
Speed
Normal
Resources
Standard
Victory
Conquest
Starting age
Dark Age
Ending age
Imperial Age
RankedLock teamsTeams togetherTeam positionsShared explorationLock speedFull tech treeHidden civsTurbo modeCheats
Victory
Defeat
🇩🇪 Vikings · Germany
1146
+13
🇩🇪 Varangians · Germany
1071
+16
🇩🇪 Saxons · Germany
1051
+17
🇫🇷 Romans · France
1090
-16
🇦🇷 Vietnamese · Argentina
1075
-15
🇷🇺 Franks · Russia
1067
-15
Ray
8:11 Loom
10:58 Feudal Age
17:22 Castle Age
15:43 Double-Bit Axe
16:32 Scale Barding Armor
18:10 Husbandry
21:33 Bow Saw
22:11 Forging
30:28 Masonry
30:39 Ballistics
DestroyZz
10:25 Feudal Age
9:09 Loom
19:55 Castle Age
Marianob04
6:29 Loom
9:23 Feudal Age
12:16 Double-Bit Axe
14:20 Town Watch
14:36 Fletching
17:49 Padded Archer Armor
22:57 Castle Age
23:16 Wheelbarrow
23:09 Crossbowman
28:29 Thumb Ring
29:03 Ballistics
30:13 Hand Cart
31:47 Elite Skirmisher
34:17 Bow Saw
34:11 Horse Collar
35:01 Forging
35:21 Scale Mail Armor
Quatsch
6:45 Loom
10:13 Feudal Age
24:22 Castle Age
22:25 Horse Collar
23:40 Fletching
25:12 Gambesons
27:31 Squires
28:21 Scale Mail Armor
29:00 Double-Bit Axe
31:24 Arson
33:17 Wheelbarrow
35:32 Bodkin Arrow
DoSith
10:26 Loom
12:13 Feudal Age
17:02 Castle Age
15:19 Double-Bit Axe
17:21 Forging
17:05 Horse Collar
17:18 Gold Mining
20:10 Padded Archer Armor
22:01 Scale Mail Armor
21:27 Elite Skirmisher
24:28 Fletching
25:58 Squires
26:43 Leather Archer Armor
28:13 Stone Mining
28:58 Gold Shaft Mining
28:12 Town Watch
31:12 Chain Mail Armor
31:33 Iron Casting
32:58 Bow Saw
34:08 Bodkin Arrow
36:41 Ballistics
37:14 Chieftains
dr_bounty
7:31 Loom
9:30 Feudal Age
10:28 Double-Bit Axe
10:25 Horse Collar
19:35 Fletching
20:08 Padded Archer Armor
24:51 Castle Age
23:49 Scale Mail Armor
25:12 Forging
25:28 Bloodlines
25:01 Crossbowman
25:43 Bodkin Arrow
27:59 Ballistics
28:38 Bow Saw
34:27 Heavy Plow
36:35 Arson
Connection lost

Rejoining the realm…

Still unreachable

The connection could not be restored.

Session expired

The server has moved on; the page needs a fresh start.